 Dungeon Sprint DCSS version 0.21-a0-286-g6fcecc0 (webtiles) character file.

44803 Kidiri the Eclecticist (level 13, -6/72 HPs)
             Began as a Deep Elf Fire Elementalist on Sept 25, 2017.
             Was the Champion of Vehumet.
             Hit by a silver javelin thrown by a merfolk javelineer (20 damage)
             ... in the Dungeon (Sprint III: "The Ten Rune Challenge").
             The game lasted 00:31:25 (6052 turns).

Kidiri the Eclecticist (Deep Elf Fire Elementalist) Turns: 6052, Time: 00:31:26

Health: -6/72      AC:  9    Str:  7    XL:     13   Next: 28%
Magic:  33/39      EV: 21    Int: 26    God:    Vehumet [******]
Gold:   95         SH:  0    Dex: 15    Spells: 4/53 levels left

rFire    + . .     SeeInvis .   b - +0 dagger
rCold    . . .     Gourm    .   (no shield)
rNeg     . . .     Faith    .   a - +0 robe
rPois    .         Spirit   .   q - +1 hat
rElec    +         Reflect  .   (no cloak)
rCorr    +         Harm     .   I - +0 pair of gloves
MR       +....     NoTele   +   (no boots)
Stlth    +.........             (no amulet)
HPRegen  0.22/turn              A - ring of resist corrosion
MPRegen  0.26/turn              (no ring)

@: very slow
A: horns 1, talons 1, slimy green scales 1, thin metallic scales 1, fire
resistance 1, frail 1, electricity resistance, strong 1
}: 1/10 runes: serpentine
a: Renounce Religion


You were in the Dungeon.
You worshipped Vehumet.
Vehumet was exalted by your worship.
You were not hungry.

You visited 1 branch You collected 95 gold pieces.

Inventory:

Hand Weapons
 b - a +0 dagger (weapon)
Missiles
 k - 6 throwing nets (quivered)
Armour
 a - a +0 robe (worn)
 q - a +1 hat (worn)
 I - a +0 pair of gloves (worn)
Jewellery
 A - a ring of resist corrosion (left hand)
Wands
 m - a wand of paralysis (19/24)
 o - a wand of disintegration (17/24)
 C - a wand of disintegration (9/24)
Scrolls
 l - 2 scrolls of immolation {unknown}
 n - a scroll of enchant armour {unknown}
 r - a scroll of holy word {unknown}
 s - a scroll of magic mapping {unknown}
 t - 2 scrolls of remove curse
 w - a scroll of fear {unknown}
 y - 2 scrolls of recharging {unknown}
Potions
 d - 3 potions of mutation
 f - 2 potions of haste
 g - a potion of magic
 h - a potion of berserk rage
 j - 2 potions of brilliance
 p - a potion of lignification
 u - 2 potions of flight
 x - a potion of agility {unknown}
 z - a potion of invisibility
 B - 3 potions of curing
Comestibles
 c - a bread ration
 i - a chunk of flesh
 v - 20 royal jellies


   Skills:
 + Level 9.5 Fighting
 + Level 11.1 Short Blades
 + Level 9.6 Armour
 + Level 13.2 Dodging
 - Level 2.4 Stealth
 * Level 20.7 Spellcasting
 + Level 13.2 Conjurations
 + Level 13.6 Fire Magic
 + Level 9.3 Air Magic
 + Level 9.6 Earth Magic
 + Level 10.5 Poison Magic


You had 4 spell levels left.
You knew the following spells:

 Your Spells              Type           Power        Failure   Level  Hunger
a - Flame Tongue          Conj/Fire      #####        0%          1    None
b - Throw Flame           Conj/Fire      ######       0%          2    None
c - Conjure Flame         Conj/Fire      #######.     0%          3    None
d - Inner Flame           Hex/Fire       ######..     1%          3    None
e - Ignite Poison         Fire/Tmut/Pois ######..     1%          3    None
f - Sticky Flame          Conj/Fire      #######.     1%          4    None
g - Fireball              Conj/Fire      #######...   1%          5    None
h - Bolt of Fire          Conj/Fire      #######...   1%          6    #......
i - Ignition              Fire           #######...   11%         8    ######.
j - Airstrike             Air            ######....   1%          4    None
k - Lee's Rapid Deconstr  Erth           ######....   1%          5    None
l - Venom Bolt            Conj/Pois      ######....   1%          5    None


Dungeon Overview and Level Annotations

Branches:
Dungeon (1/1)

Altars:
Cheibriados
Dithmenos
Elyvilon
Fedhas
Gozag
Hepliaklqana
Kikubaaqudgha
Makhleb
Nemelex Xobeh
Okawaru
Qazlal
Ru
Sif Muna
Trog
Uskayaw
Vehumet
Wu Jian
Xom
Yredelemnul
Zin
The Shining One
Beogh
Jiyva
Lugonu

Shops:
D ?=[:(!

Annotations:
D exclusion: 4 doors


Innate Abilities, Weirdness & Mutations

You have a pair of small horns on your head.
You have sharp toenails.
You are partially covered in slimy green scales. (AC +2)
You are partially covered in thin metallic scales. (AC +2)
Your flesh is heat resistant. (rF+)
You are frail. (-10% HP)
You are resistant to electric shocks. (rElec)
Your muscles are strong. (Str +2)


Message History

The silver sears you!
* * * LOW HITPOINT WARNING * * *
You hear a splash.
You see here 2 silver javelins.
Casting: Bolt of Fire
Confirm with . or Enter, or press ? or * to list all spells.
Aiming: Sticky Flame
Press: ? - help, Shift-Dir - straight line
Okay, then.
Unknown command.
Casting: Sticky Flame
Confirm with . or Enter, or press ? or * to list all spells.
Aiming: Bolt of Fire
Press: ? - help, Shift-Dir - straight line, f - merfolk javelineer
Aim: a merfolk javelineer, wielding a vampiric spear and wearing a leather armour The bolt of fire hits the merfolk javelineer.
The merfolk javelineer is heavily wounded.
The merfolk javelineer throws a silver javelin.
The silver javelin hits you!!
You die...

....##(.....#♣♣♣._.#
######+#############
...##▓≈≈≈≈≈≈≈≈≈≈≈≈▓
....#▓≈≈≈≈≈≈≈≈≈≈≈≈▓
##..#▓≈≈≈..≈≈≈≈≈..▓
....#▓≈≈..).≈≈≈...▓
...##▓≈≈≈..≈≈≈≈≈..▓
#### ▓≈≈≈≈≈≈≈≈≈≈..▓
...##▓≈≈≈≈≈≈≈≈≈≈@.▓
....#▓..≈≈≈≈≈≈≈≈§≈▓
##).#▓...≈≈≈≈≈≈≈§≈▓
....#▓....≈≈≈≈≈≈≈.▓
...##▓...≈≈≈≈≈≈≈.∩▓
##### ≈≈≈≈≈≈≈.∩▓
....# ≈≈≈≈≈≈≈.∩▓
....# ≈≈≈≈≈≈..m▓
#####


You could see a merfolk javelineer.

Vanquished Creatures
  Rupert (D)
  Polyphemus (D)
  Gastronok (D)
  A nagaraja (D)
  Ilsuiw (D)
  2 dire elephants (D)
  Erolcha (D)
  A naga warrior (D)
  2 hydras (D)
  3 anacondas (D)
  Urug (D)
  4 death yaks (D)
  A sea snake (D)
  A spriggan druid (D)
  A death drake (D)
  A lindwurm (D)
  A deep elf mage (D)
  A guardian serpent (D)
  6 black mambas (D)
  2 elephants (D)
  2 spiny frogs (D)
  A rime drake (D)
  3 wandering mushrooms (D)
  A komodo dragon (D)
  A queen bee (D)
  2 tyrant leeches (D)
  8 blink frogs (D)
  3 dream sheep (D)
  5 redbacks (D)
  2 spriggans (D)
  A shadow (D)
  2 nagas (D)
  A spatial vortex (D)
  3 water moccasins (D)
  A swamp drake (D)
  A necrophage (D)
  A black mamba simulacrum (D)
  5 two-headed ogres (D)
  A water elemental (D)
  32 killer bees (D)
  A jelly (D)
  A wizard (D)
  Jessica (D)
  A necromancer (D)
  A polar bear simulacrum (D)
  2 wolf simulacra (D)
  3 humans (D)
  A kobold demonologist (D)
  A wolf (D)
  5 adders (D)
  3 rats (D)
  6 plants (D)
135 creatures vanquished.

Vanquished Creatures (others)
  2 draconian scorchers (D)
  6 hellions (D)
  3 yaktaurs (D)
  An electric eel (D)
  3 plants (D)
15 creatures vanquished.

Grand Total: 150 creatures vanquished

Notes
Turn   | Place    | Note
-------+----------+-------------------------------------------
     0 | D        | Kidiri the Deep Elf Fire Elementalist began the quest for the Orb.
     0 | D        | Reached XP level 1. HP: 10/10 MP: 6/6
    58 | D        | Noticed Jessica
    63 | D        | Killed Jessica
    63 | D        | Reached skill level 6 in Spellcasting
    63 | D        | Reached XP level 2. HP: 15/15 MP: 4/11
    67 | D        | Learned a level 2 spell: Throw Flame
    88 | D        | Killed a hellion
    88 | D        | Killed a hellion
    89 | D        | Killed a hellion
    90 | D        | Killed a hellion
    92 | D        | Killed a hellion
    94 | D        | Killed a hellion
   117 | D        | Killed a white draconian scorcher
   120 | D        | Killed a white draconian scorcher
   134 | D        | Reached XP level 3. HP: 7/19 MP: 9/13
   139 | D        | Learned a level 3 spell: Conjure Flame
   143 | D        | Learned a level 3 spell: Inner Flame
   190 | D        | Killed a yaktaur
   278 | D        | Killed a yaktaur
   368 | D        | Reached skill level 7 in Spellcasting
   368 | D        | Reached skill level 5 in Fire Magic
   385 | D        | Gained mutation: Armour fits poorly on your strangely shaped body. [potion of mutation]
   385 | D        | Gained mutation: Potions are less effective at restoring your health. [potion of mutation]
   385 | D        | Gained mutation: You expend magic power (3 MP) to strengthen your wands. [potion of mutation]
   385 | D        | Gained mutation: You are partially covered in slimy green scales. (AC +2) [potion of mutation]
   386 | D        | Lost mutation: Armour fits poorly on your strangely shaped body. [potion of mutation]
   386 | D        | Lost mutation: You expend magic power (3 MP) to strengthen your wands. [potion of mutation]
   386 | D        | Gained mutation: You have sharp toenails. [potion of mutation]
   386 | D        | Gained mutation: You are frail. (-10% HP) [potion of mutation]
   386 | D        | Gained mutation: You are resistant to electric shocks. (rElec) [potion of mutation]
   386 | D        | Gained mutation: You have a pair of small horns on your head. [potion of mutation]
   388 | D        | Lost mutation: Potions are less effective at restoring your health. [potion of mutation]
   388 | D        | Gained mutation: Your muscles are strong. (Str +2) [potion of mutation]
   388 | D        | Gained mutation: Your flesh is heat resistant. (rF+) [potion of mutation]
   388 | D        | Gained mutation: You are partially covered in thin metallic scales. (AC +2) [potion of mutation]
   458 | D        | Noticed a water elemental
   461 | D        | Killed a water elemental
   461 | D        | Reached skill level 9 in Spellcasting
   461 | D        | Reached skill level 5 in Conjurations
   461 | D        | Reached XP level 4. HP: 21/21 MP: 9/17
   475 | D        | Learned a level 4 spell: Sticky Flame
   511 | D        | Found a radiant altar of Vehumet.
   512 | D        | Found a deep blue altar of Sif Muna.
   512 | D        | Found an ancient bone altar of Kikubaaqudgha.
   512 | D        | Noticed a wizard
   514 | D        | Killed a wizard
   514 | D        | Reached XP level 5. HP: 25/25 MP: 14/19
   515 | D        | Noticed a red devil
   516 | D        | Reached skill level 10 in Spellcasting
   529 | D        | Learned a level 5 spell: Fireball
   537 | D        | Became a worshipper of Vehumet
   576 | D        | Found a glowing silver altar of Zin.
   577 | D        | Found a glowing golden altar of the Shining One.
   577 | D        | Found a white marble altar of Elyvilon.
   577 | D        | Noticed a deep elf mage
   584 | D        | Killed a deep elf mage
   584 | D        | Reached skill level 5 in Dodging
   584 | D        | Reached skill level 12 in Spellcasting
   584 | D        | Reached XP level 6. HP: 17/32 MP: 15/23
   584 | D        | Reached XP level 7. HP: 19/36 MP: 15/24
   721 | D        | Found an ornate altar of the Wu Jian Council.
   721 | D        | Found a roughly hewn altar of Beogh.
   721 | D        | Found an iron altar of Okawaru.
   721 | D        | Found a bloodstained altar of Trog.
   721 | D        | Found a hide-covered altar of Uskayaw.
   721 | D        | Noticed a human
   721 | D        | Noticed a human
   732 | D        | Killed a human
   734 | D        | Killed a human
   734 | D        | Reached * piety under Vehumet
   734 | D        | Offered knowledge of Magic Dart by Vehumet.
   847 | D        | Found a basalt altar of Yredelemnul.
   847 | D        | Found a shadowy altar of Dithmenos.
   847 | D        | Found a sacrificial altar of Ru.
   856 | D        | Reached skill level 13 in Spellcasting
   901 | D        | Noticed a shadow
   902 | D        | Offered knowledge of Sting by Vehumet.
   902 | D        | Reached ** piety under Vehumet
   903 | D        | Killed a shadow
   903 | D        | Reached XP level 8. HP: 43/43 MP: 20/27
   938 | D        | Found a blossoming altar of Fedhas.
   938 | D        | Found a stormy altar of Qazlal.
   938 | D        | Found a snail-covered altar of Cheibriados.
   938 | D        | Found a burning altar of Makhleb.
   938 | D        | Found a shimmering altar of Xom.
   949 | D        | Reached skill level 5 in Short Blades
   950 | D        | Found a hazy altar of Hepliaklqana.
   950 | D        | Found an opulent altar of Gozag.
   950 | D        | Found a sparkling altar of Nemelex Xobeh.
   950 | D        | Found a corrupted altar of Lugonu.
   950 | D        | Found a viscous altar of Jiyva.
  1017 | D        | Reached *** piety under Vehumet
  1106 | D        | Noticed a two-headed ogre
  1114 | D        | Killed a two-headed ogre
  1114 | D        | Offered knowledge of Ignite Poison by Vehumet.
  1114 | D        | Reached skill level 14 in Spellcasting
  1119 | D        | Learned a level 3 spell: Ignite Poison
  1241 | D        | Noticed Erolcha
  1243 | D        | Noticed a two-headed ogre
  1247 | D        | Killed a two-headed ogre
  1247 | D        | Offered knowledge of Airstrike by Vehumet.
  1247 | D        | Reached skill level 5 in Armour
  1247 | D        | Reached skill level 1 in Poison Magic
  1247 | D        | Reached XP level 9. HP: 47/47 MP: 18/29
  1251 | D        | Killed Erolcha
  1251 | D        | Reached skill level 5 in Fighting
  1251 | D        | Reached skill level 15 in Spellcasting
  1257 | D        | Learned a level 4 spell: Airstrike
  1411 | D        | Reached **** piety under Vehumet
  1411 | D        | Reached skill level 10 in Fire Magic
  1411 | D        | Reached skill level 1 in Air Magic
  1483 | D        | Offered knowledge of Venom Bolt by Vehumet.
  1494 | D        | Learned a level 5 spell: Venom Bolt
  1546 | D        | Reached ***** piety under Vehumet
  1546 | D        | Offered knowledge of Bolt of Magma by Vehumet.
  1858 | D        | Offered knowledge of Fulminant Prism by Vehumet.
  2016 | D        | Reached XP level 10. HP: 54/54 MP: 18/31
  2016 | D        | Offered knowledge of Lee's Rapid Deconstruction by Vehumet.
  2149 | D        | Learned a level 5 spell: Lee's Rapid Deconstruction
  2151 | D        | Reached skill level 16 in Spellcasting
  2157 | D        | Reached skill level 1 in Earth Magic
  2157 | D        | Reached ****** piety under Vehumet
  2157 | D        | Reached skill level 10 in Conjurations
  2335 | D        | Reached skill level 5 in Poison Magic
  2395 | D        | Offered knowledge of Bolt of Fire by Vehumet.
  2403 | D        | Learned a level 6 spell: Bolt of Fire
  2466 | D        | Noticed a spiny frog
  2466 | D        | Noticed a spiny frog
  2468 | D        | Killed a spiny frog
  2469 | D        | Killed a spiny frog
  2594 | D        | Reached skill level 10 in Dodging
  2786 | D        | Noticed a lindwurm
  2788 | D        | Killed a lindwurm
  2791 | D        | Offered knowledge of Freezing Cloud by Vehumet.
  2835 | D        | Noticed Urug
  2845 | D        | Killed Urug
  2845 | D        | Reached skill level 17 in Spellcasting
  2845 | D        | Reached skill level 5 in Air Magic
  2845 | D        | Reached XP level 11. HP: 26/60 MP: 5/34
  3245 | D        | Offered knowledge of Orb of Destruction by Vehumet.
  3380 | D        | Noticed Rupert
  3392 | D        | Paralysed by Rupert for 3 turns
  3399 | D        | Killed Rupert
  3399 | D        | Reached skill level 5 in Earth Magic
  3487 | D        | Noticed a death yak
  3488 | D        | Noticed a death yak
  3490 | D        | Offered knowledge of Conjure Ball Lightning by Vehumet.
  3491 | D        | Noticed a death yak
  3491 | D        | Killed a death yak
  3491 | D        | Reached skill level 18 in Spellcasting
  3494 | D        | Killed a death yak
  3495 | D        | Killed a death yak
  3641 | D        | Noticed a death yak
  3648 | D        | Killed a death yak
  3672 | D        | Offered knowledge of Fire Storm by Vehumet.
  3672 | D        | Offered knowledge of Chain Lightning by Vehumet.
  3672 | D        | Offered knowledge of Ignition by Vehumet.
  3675 | D        | Noticed an azure jelly
  3675 | D        | Noticed an azure jelly
  3793 | D        | Noticed an anaconda
  3795 | D        | Noticed an anaconda
  3795 | D        | Reached XP level 12. HP: 63/65 MP: 28/36
  3797 | D        | Killed an anaconda
  3801 | D        | Killed an anaconda
  3805 | D        | Reached skill level 19 in Spellcasting
  3830 | D        | HP: 3/67 [poisoned by a black mamba]
  3835 | D        | HP: 2/67 [poisoned by a black mamba]
  3842 | D        | HP: 2/67 [poisoned by a black mamba]
  3850 | D        | HP: 1/67 [poisoned by a black mamba]
  4171 | D        | Learned a level 8 spell: Ignition
  4227 | D        | Noticed an anaconda
  4230 | D        | Killed an anaconda
  4293 | D        | Noticed a naga warrior
  4293 | D        | Noticed a nagaraja
  4299 | D        | Killed a nagaraja
  4299 | D        | Reached skill level 10 in Short Blades
  4481 | D        | Killed a naga warrior
  4488 | D        | Found Vieluu's Magic Scroll Boutique.
  4488 | D        | Found Caraj's Jewellery Emporium.
  4490 | D        | Found Kiafoh's Antique Armour Shop.
  4663 | D        | Got a serpentine rune of Zot
  4743 | D        | Noticed an azure jelly
  4743 | D        | Noticed an azure jelly
  4744 | D        | Noticed a dire elephant
  4744 | D        | Noticed a dire elephant
  4744 | D        | Noticed Gastronok
  4749 | D        | Killed a dire elephant
  4749 | D        | Killed Gastronok
  4759 | D        | Killed a dire elephant
  4759 | D        | Reached skill level 20 in Spellcasting
  5061 | D        | Noticed a seven-headed hydra
  5061 | D        | Noticed a seven-headed hydra
  5068 | D        | Killed a seven-headed hydra
  5074 | D        | Killed a seven-headed hydra
  5074 | D        | Reached XP level 13. HP: 72/72 MP: 15/39
  5173 | D        | Reached skill level 10 in Poison Magic
  5472 | D        | Found a blossoming altar of Fedhas.
  5497 | D        | Noticed Polyphemus
  5507 | D        | Killed Polyphemus
  5513 | D        | Noticed Ilsuiw
  5900 | D        | Killed Ilsuiw
  6041 | D        | Found Haodgheh's Book Emporium.
  6049 | D        | Found Ytamewk's Antique Weapon Shop.
  6050 | D        | Found Zitrywn's Distillery.
  6051 | D        | Noticed a merfolk javelineer
  6052 | D        | Hit by a silver javelin thrown by a merfolk javelineer

Vault maps used:
D:        dungeon_sprint_mu

Skill      XL: |  1  2  3  4  5  6  7  8  9 10 11 12 13 |
---------------+----------------------------------------+-----
Spellcasting   | 6 9 12 13 14 15 17 18 20 | 20.7
Conjurations   | 3 5 7 8 9 10 11 12 13 | 13.2
Fire Magic     | 4 6 8 9 10 11 12 13 | 13.6
Fighting       | 2 4 6 7 8 9 |  9.5
Short Blades   | 3 4 5 7 8 9 10 11 | 11.1
Armour         | 2 4 5 6 7 8 9 |  9.6
Dodging        | 5 6 7 9 10 11 12 13 | 13.2
Poison Magic   | 1 4 6 8 9 10 | 10.5
Air Magic      | 2 5 7 8 9 |  9.3
Earth Magic    | 4 6 8 9 |  9.6
Stealth        | |  2.4

Action                   |  1- 3 |  4- 6 |  7- 9 | 10-12 | 13-15 || total
-------------------------+-------+-------+-------+-------+-------++-------
Melee: Unarmed           |     1 |       |       |       |       ||     1
       Dagger            |       |     1 |     3 |    12 |       ||    16
       Kick              |       |       |     2 |     1 |       ||     3
       Headbutt          |       |       |       |     2 |       ||     2
 Cast: Flame Tongue      |    20 |     1 |    53 |    24 |       ||    98
       Conjure Flame     |     1 |       |    10 |     4 |       ||    15
       Sticky Flame      |       |     3 |     7 |     8 |     1 ||    19
       Inner Flame       |       |       |     9 |     2 |       ||    11
       Venom Bolt        |       |       |     7 |    12 |       ||    19
       Airstrike         |       |       |     7 |     8 |     2 ||    17
       Bolt of Fire      |       |       |       |    69 |    16 ||    85
       Throw Flame       |       |       |       |     2 |       ||     2
       Ignition          |       |       |       |     1 |     1 ||     2
       Fireball          |       |       |       |       |     1 ||     1
  Use: Potion            |     3 |       |       |     4 |     1 ||     8
       Scroll            |     2 |       |     1 |     3 |       ||     6
 Stab: Sleeping          |       |     1 |     1 |     3 |       ||     5
  Eat: Chunk             |       |       |     1 |     5 |       ||     6
       Fruit             |       |       |     6 |       |     6 ||    12
       Royal jelly       |       |       |       |     4 |     1 ||     5
Armor: Robe              |       |     2 |     5 |     2 |       ||     9
Dodge: Dodged            |     4 |     1 |    27 |    37 |     2 ||    71

Table legend:
 A = Spawn XP
 B = Non-spawn XP
 C = Spawn XP percentage of total XP
 D = Spawn monster count
 E = Non-spawn monster count
 F = Spawn count percentage of total count
 G = Total turns spent on level
                    A         B        C        D         E        F      G
               +---------+---------+-------+---------+---------+-------+---------
         Total |       0 |   45434 |   0.0 |       0 |     129 |   0.0 |  6052
               +---------+---------+-------+---------+---------+-------+---------
             D |       0 |   45434 |   0.0 |       0 |     129 |   0.0 |  6052
               +---------+---------+-------+---------+---------+-------+---------
